 Dungeon Crawl Stone Soup version 0.29-a0-557-g43b9904bd1 (webtiles) character file.

Game seed: 12545857199359839816

11456 freelancePsychic the Carver (level 11, -5/80 HPs)
             Began as an Octopode Wanderer on June 9, 2022.
             Was an Elder of Dithmenos.
             Slain by a five-headed hydra (10 damage)
             ... on level 1 of the Lair of Beasts.
             The game lasted 00:23:47 (14774 turns).

freelancePsychic the Carver (Octopode Wanderer)    Turns: 14774, Time: 00:23:48

Health: -5/80      AC:  1    Str: 16    XL:     11   Next: 78%
Magic:  8/11       EV: 17    Int: 15    God:    Dithmenos [****..]
Gold:   712        SH:  4    Dex: 17    Spells: 7/10 levels left

rFire   . . .      SeeInvis .   b - +2 dagger (venom)
rCold   + . .      Faith    .   t - +0 buckler
rNeg    . . .      Spirit   .   y - +0 hat
rPois   +          Reflect  .   (no amulet)
rElec   .          Harm     .   d - ring of poison resistance
rCorr   .          Rampage  .   g - +6 ring of strength
Will    .....                   q - ring of protection from cold
Stlth   +++++++++.              (no ring)
HPRegen 0.23/turn               (no ring)
MPRegen 0.12/turn               (no ring)
                                (no ring)
                                (no ring)

@: about to teleport, marked, hasted, wreathed by umbra, very quick
A: almost no armour, amphibious, 8 rings, camouflage 1, gelatinous body 1,
(nimble swimmer 1), tentacles
a: Renounce Religion, Shadow Step


You were on level 1 of the Lair of Beasts.
You worshipped Dithmenos.
Dithmenos was greatly pleased with you.
You visited 3 branches of the dungeon, and saw 13 of its levels.
You also visited: Ice Cave.

You collected 712 gold pieces.

Inventory:

Hand Weapons
 a - a +4 falchion of electrocution
 b - a +2 dagger of venom (weapon)
Missiles
 i - 2 throwing nets
 s - a poisoned dart (quivered)
 v - 3 curare-tipped darts
Armour
 t - a +0 buckler (worn)
 y - a +0 hat (worn)
 D - a +0 kite shield
Jewellery
 d - a ring of poison resistance (left tentacle)
 g - a +6 ring of strength (right tentacle)
 q - a ring of protection from cold (on tentacle)
 w - a ring of fire
 A - an amulet of reflection
Wands
 c - a wand of iceblast (7)
 p - a wand of flame (57)
Scrolls
 e - 8 scrolls of identify {@r1}
 h - a scroll of brand weapon
 k - a scroll of immolation
 l - 2 scrolls of noise
 o - 2 scrolls of amnesia
 x - a scroll of poison
 B - 2 scrolls of enchant weapon
Potions
 f - a potion of resistance {unknown}
 j - a potion of flight {unknown}
 n - 2 potions of berserk rage {unknown}
 r - 3 potions of attraction {unknown}
 u - 2 potions of mutation {unknown}
 C - 2 potions of degeneration {unknown}
 E - a potion of curing {@q1}


   Skills:
 - Level 9.4 Fighting
 - Level 6.9(10.0) Short Blades
 - Level 11.1(12.0) Long Blades
 - Level 7.7 Dodging
 - Level 10.2 Stealth
 + Level 2.0 Conjurations
 + Level 2.0 Earth Magic


You had 7 spell levels left.
You knew the following spells:

 Your Spells              Type           Power      Damage    Failure   Level
a - Stone Arrow           Conj/Erth      12%        3d7       43%         3

Your spell library contained the following spells:

 Spells                   Type           Power      Damage    Failure   Level
 Sandblast                Erth           12%        2d6       16%         1
 Shock                    Conj/Air       12%        1d3       24%         1
 Apportation              Tloc           0%         N/A       36%         1
 Necrotize                Necr           0%         1d4       36%         1
 Summon Small Mammal      Summ           0%         N/A       36%         1
 Passwall                 Tmut/Erth      2%         N/A       36%         2
 Static Discharge         Conj/Air       3%         N/A       36%         2
 Dazzling Flash           Conj/Hex       6%         N/A       58%         3
 Gell's Gravitas          Tloc           0%         N/A       73%         3
 Lesser Beckoning         Tloc           0%         N/A       73%         3
 Ozocubu's Armour         Ice            0%         N/A       73%         3
 Swiftness                Air            0%         N/A       73%         3
 Teleport Other           Tloc           0%         N/A       73%         3
 Iskenderun's Mystic Bla  Conj/Tloc      3%         2d3       94%         4
 Airstrike                Air            0%         N/A       98%         4
 Lightning Bolt           Conj/Air       1%         1d12      100%        5
 Metabolic Englaciation   Hex/Ice        0%         N/A       100%        5
 Simulacrum               Ice/Necr       0%         N/A       100%        6
 Starburst                Conj/Fire      1%         6d3       100%        6
 Maxwell's Capacitive Co  Air            0%         ∞         100%        8


Dungeon Overview and Level Annotations

Branches:
Dungeon (11/15)            Temple (1/1) D:5            Lair (1/6) D:8
  IceCv (visited)
    Orc: D:9-12

Altars:
Ashenzari
Cheibriados
Dithmenos
Gozag
Makhleb
Nemelex Xobeh
Ru
Sif Muna
Vehumet
Wu Jian
Xom
Zin
The Shining One

Annotations:
D:5 2 transporters, Esekla's ghost, weakling OpDe; Ijyb
D:6 exclusion: troll, Grinder
D:9 2 transporters, Maggie; om's ghost, novice GnTm
Lair:1 Pelinal's ghost, journeyman DjWr


Innate Abilities, Weirdness & Mutations

You cannot wear most types of armour.
You are amphibious.
You can wear up to eight rings at the same time.
Your skin changes colour to match your surroundings (Stealth+).
Your rubbery body absorbs attacks. (AC +1, EV +1)
((You are camouflaged when in or above water. (Stealth+)))
You have tentacles for arms and can constrict up to eight enemies at once.


Message History

You feel strangely unstable.
You hit the yak but do no damage.
The yak looks as sick as possible!
You squeeze the yak, but do no damage.
The yak is almost dead.
The yak gores you!
You hit the yak but do no damage.
The yak looks as sick as possible!
The yak is almost dead.
You hit the yak.
The yak looks as sick as possible!
You squeeze the yak.
You kill the yak!
Dithmenos accepts your kill.
Your Conjurations skill increases to level 2!
Your Earth Magic skill increases to level 2!
The yak closely misses you. x2
Things that are here:
a yak corpse; a yak corpse You hit the yak.
The yak is severely wounded.
Your shadow closely misses the yak.
The yak gores you. The yak completely misses you.
You barely miss the yak.
The yak is severely wounded.
Unknown command.
You hit the yak.
The yak is severely wounded.
You barely miss the yak.
The yak is severely wounded.
The yak gores you!
* * * LOW HITPOINT WARNING * * *
The yak barely misses you.
You hit the yak but do no damage.
The yak looks as sick as possible!
You squeeze the yak.
The yak is almost dead.
Your shadow barely misses the yak.
You hit the yak but do no damage.
The yak looks as sick as possible!
The yak is almost dead.
The five-headed hydra bites you!
* * * LOW HITPOINT WARNING * * *
The five-headed hydra completely misses you.
The five-headed hydra bites you!
You die...

..###Z. #..###.########..#
..##..ZZ.#.................
...#....k##.................
...
#[...Z#..................
[.=...#...##..##.########
?...#.##..######## #$. #.
#...# # #D###
#@################
##YY...............
###.Y................
#...........<........
....######.#.##...##### ##.#
#######..# ## #...# #P..#
##.[#


You could see a five-headed hydra and 3 yaks.

Vanquished Creatures
  A two-headed ogre (D:8)
  Pikel (D:7)
  A cyclops (D:11)
  An unseen horror (D:11)
  2 gargoyles
  2 rime drakes (D:11)
  3 ice devils (IceCv)
  A troll (D:11)
  A hornet (D:7)
  Prince Ribbit (D:7)
  A wyvern (D:8)
  13 yaks
  3 steam dragons
  A water moccasin (D:7)
  2 acid dragons
  2 black bears
  A sky beast (D:6)
  5 orc warriors
  An ice beast (D:7)
  An ogre (D:5)
  8 centaurs
  A phantom (D:7)
  A lemure (D:7)
  6 bullfrogs
  A kobold brigand (D:9)
  3 gnoll sergeants
  3 necrophages
  6 scorpions
  6 wights
  4 killer bees (D:10)
  2 electric eels (D:6)
  4 hounds
  2 jellies
  7 orc priests
  4 gnoll shamans
  2 iguanas (D:6)
  8 orc wizards
  A troll simulacrum (IceCv)
  2 spriggan simulacra (IceCv)
  A wolf simulacrum (IceCv)
  25 gnolls
  6 adders
  A shadow imp (D:6)
  A white imp (D:6)
  A worm (D:2)
  3 dart slugs
  27 orcs
  6 endoplasms
  2 giant cockroaches
  11 goblins
  7 hobgoblins
  3 jackals (D:1)
  A quokka (D:4)
  8 ball pythons
  5 bats
  2 frilled lizards
  10 kobolds
  5 rats
240 creatures vanquished.

Vanquished Creatures (others)
  A kobold (D:9)
  3 fungi
  3 plants
7 creatures vanquished.

Grand Total: 247 creatures vanquished

Notes
Turn   | Place    | Note
-------+----------+-------------------------------------------
     0 | D:1      | freelancePsychic the Octopode Wanderer began the quest for
                  | the Orb.
     0 | D:1      | freelancePsychic set off with the following items: a +3
                  | falchion, a +0 hat, a potion of might
     0 | D:1      | Reached XP level 1. HP: 18/18 MP: 1/1
   182 | D:1      | Reached skill level 1 in Stealth
   182 | D:1      | Reached XP level 2. HP: 18/24 MP: 2/2
   185 | D:1      | Found a faded altar of an unknown god.
   318 | D:1      | Prayed at the altar of an unknown god.
   318 | D:1      | Became a worshipper of Dithmenos the Shadowed
   318 | D:1      | Reached * piety under Dithmenos
   878 | D:1      | Reached XP level 3. HP: 29/29 MP: 3/3
  1436 | D:2      | Reached ** piety under Dithmenos
  1465 | D:2      | Noticed a scorpion
  1550 | D:2      | Reached XP level 4. HP: 35/35 MP: 4/4
  1631 | D:3      | Found a sparkling altar of Nemelex Xobeh.
  2203 | D:4      | Reached skill level 5 in Long Blades
  2282 | D:4      | Found a glowing golden altar of the Shining One.
  2321 | D:4      | Noticed a necrophage
  2422 | D:4      | Killed a necrophage
  2423 | D:4      | Reached XP level 5. HP: 35/40 MP: 5/5
  2788 | D:4      | Reached XP level 6. HP: 46/46 MP: 6/6
  2791 | D:4      | Reached skill level 6 in Long Blades
  3011 | D:5      | Entered Level 5 of the Dungeon
  3029 | D:5      | Reached XP level 7. HP: 52/52 MP: 7/7
  3203 | D:4      | Reached *** piety under Dithmenos
  3204 | D:4      | Reached skill level 5 in Stealth
  3504 | D:5      | Noticed Ijyb
  3600 | D:5      | Reached skill level 7 in Long Blades
  3772 | D:5      | Found a transporter.
  3772 | D:5      | Noticed Esekla's ghost (weakling OpDe)
  3775 | D:5      | Found a transporter.
  4178 | D:5      | Found a staircase to the Ecumenical Temple.
  4202 | D:5      | Reached XP level 8. HP: 43/58 MP: 8/8
  4227 | Temple   | Entered the Ecumenical Temple
  4520 | D:5      | Found an opulent altar of Gozag.
  4520 | D:5      | Found a snail-covered altar of Cheibriados.
  4801 | D:6      | Found an ornate altar of the Wu Jian Council.
  4809 | D:6      | Found a burning altar of Makhleb.
  4974 | D:6      | Reached skill level 8 in Long Blades
  5305 | D:6      | HP: 1/60 [something (5)]
  5657 | D:6      | Noticed Grinder
  6239 | D:6      | Found a sacrificial altar of Ru.
  6253 | D:6      | Noticed a troll
  6287 | D:6      | Reached XP level 9. HP: 58/64 MP: 9/9
  6544 | D:7      | Reached skill level 9 in Long Blades
  6702 | D:7      | Noticed Prince Ribbit
  6726 | D:7      | Killed Prince Ribbit
  6864 | D:7      | Noticed a hornet
  6879 | D:7      | Killed a hornet
  7180 | D:7      | Noticed Pikel
  7194 | D:7      | Killed Pikel
  7195 | D:7      | Reached skill level 10 in Long Blades
  7734 | D:7      | Found a glowing silver altar of Zin.
  7830 | D:7      | Reached **** piety under Dithmenos
  7831 | D:7      | Reached XP level 10. HP: 55/73 MP: 10/10
  8137 | D:7      | Found a shimmering blue altar of Sif Muna.
  8702 | D:8      | Noticed a two-headed ogre
  8715 | D:8      | Killed a two-headed ogre
  8716 | D:8      | Reached skill level 11 in Long Blades
  8716 | D:8      | Reached skill level 10 in Stealth
  9333 | D:8      | Found a staircase to the Lair.
  9401 | D:8      | Found a broken altar of Ashenzari.
  9830 | D:9      | Found a transporter.
  9839 | D:9      | Noticed om's ghost (novice GnTm)
  9851 | D:9      | Noticed a moth of wrath
  9864 | D:9      | Noticed a manticore
 10121 | D:9      | Noticed Maggie
 10134 | D:9      | Found a transporter.
 10366 | D:9      | Reached skill level 1 in Short Blades
 10634 | D:10     | Entered Level 10 of the Dungeon
 10726 | D:10     | Noticed a gargoyle
 10732 | D:10     | Killed a gargoyle
 10876 | D:10     | Reached skill level 5 in Dodging
 11137 | D:10     | Reached XP level 11. HP: 71/80 MP: 11/11
 11641 | D:10     | Reached skill level 5 in Short Blades
 12798 | D:11     | Found a frozen archway.
 12801 | D:11     | Reached ***** piety under Dithmenos
 12933 | IceCv    | Entered an ice cave
 13736 | D:11     | Noticed a cyclops
 13780 | D:11     | Killed a cyclops
 13889 | D:11     | Noticed a six-headed hydra
 14070 | D:11     | Reached skill level 1 in Conjurations
 14070 | D:11     | Reached skill level 1 in Earth Magic
 14574 | D:9      | Learned a level 3 spell: Stone Arrow
 14608 | Lair:1   | Entered Level 1 of the Lair of Beasts
 14626 | Lair:1   | Noticed Pelinal's ghost (journeyman DjWr)
 14762 | Lair:1   | Noticed a five-headed hydra
 14774 | Lair:1   | Slain by a five-headed hydra

Illustrated notes

Levels and vault maps discovered:
D:1:      psy_arrival_whirlpool, layout_basic,
          ebering_ecumenical_altar_petrified, minmay_tetromino_t2
D:2:      layout_basic, serial_rivers, chequers_serial_rivers_micro_a,
          chequers_serial_rivers_large_a, chequers_serial_rivers_small_a,
          chequers_serial_rivers_micro_b, chequers_serial_rivers_room_b
D:3:      layout_rooms, lemuel_round_altar, minmay_misc_feat_chi
D:4:      layout_basic, kennysheep_mini_moat, minmay_misc_feat_cross
D:5:      layout_layer_cave, minitemple, temple_fountains,
          gammafunk_ghost_arena, uniq_ijyb
D:6:      layout_loops_ring, makhleb_heckhound_becter, hangedman_ru_absence,
          kennysheep_mini, kennysheep_big_empty_room, uniq_grinder,
          uniq_crazy_yiuf_cottage
D:7:      layout_loops_corners, mainiacjoe_overflow_catwalk,
          mainiacjoe_overflow_alcove_4, uniq_prince_ribbit1, uniq_pikel
D:8:      layout_cave_pods, kennysheep_little_box,
          grunt_lair_entry_orc_guard_hut, hangedman_decor_diamond_cutter
D:9:      layout_rooms, gammafunk_ghost_berserking_beasts,
          kennysheep_crisscross, uniq_maggie
D:10:     layout_basic, eino_jars
D:11:     layout_small_grid, portal_ice_cave_rime
Temple:   nicolae_temple_hex_pool
Lair:1:   layout_long_grid, gammafunk_ghost_icy, hibernation_bobbens,
          uniq_gastronok

Skill      XL: |  1  2  3  4  5  6  7  8  9 10 11 |
---------------+----------------------------------+-----
Stealth        | 1 2 3 4 5 7 9 10 | 10.2
Long Blades    | 5 6 7 8 10 11 | 11.1
Fighting       | 6 7 8 9 |  9.4
Dodging        | 5 7 |  7.7
Short Blades   | 4 6 |  6.9
Conjurations   | 2 |  2.0
Earth Magic    | 2 |  2.0

Action                   |  1- 3 |  4- 6 |  7- 9 | 10-12 || total
-------------------------+-------+-------+-------+-------++-------
Melee: Falchion          |    69 |    65 |   168 |    68 ||   370
       Constrict         |    14 |    11 |    39 |    50 ||   114
       Tentacles         |     7 |     8 |    43 |   131 ||   189
       Punch             |     1 |     2 |     2 |     9 ||    14
       Dagger            |       |       |       |   288 ||   288
Throw: Throwing net      |       |     1 |       |     2 ||     3
       Dart              |       |     1 |    33 |    36 ||    70
 Cast: Stone Arrow       |       |       |       |     1 ||     1
Evoke: Wand              |       |       |     3 |    10 ||    13
  Use: Scroll            |     1 |     3 |     5 |     8 ||    17
       Potion            |       |       |     5 |     3 ||     8
 Stab: Sleeping          |    16 |     8 |    16 |    25 ||    65
       Distracted        |       |       |     1 |     1 ||     2
Armor: Skin              |     6 |     3 |     3 |    12 ||    24
Dodge: Dodged            |    45 |    33 |    95 |   203 ||   376
Block: Buckler           |       |       |    24 |    45 ||    69

Table legend: (Time is in decaauts)
 A = Elapsed time spent in this place.
 B = Non-inter-level travel time spent in this place.
 C = Inter-level travel time spent in this place.
 D = Time resting spent in this place.
 E = Time spent auto-exploring this place.
 F = Levels seen in this place.
 G = Mean time per level.
                   A        B        C        D        E       F      G
               +--------+--------+--------+--------+--------+-----+--------+
         Total |  14637 |  14093 |    544 |   1207 |  10663 |  14 | 1045.5 |
       Dungeon |  13920 |  13376 |    544 |    874 |  10439 |  11 | 1265.5 |
        Temple |    231 |    231 |      0 |    230 |      0 |   1 |  231.0 |
          Lair |    134 |    134 |      0 |      0 |     89 |   1 |  134.0 |
      Ice Cave |    351 |    351 |      0 |    103 |    135 |   1 |  351.0 |
               +--------+--------+--------+--------+--------+-----+--------+

Top non-repeatable levels by time:
    D:10: 2298 daAuts
     D:7: 1769 daAuts
     D:6: 1615 daAuts
     D:8: 1540 daAuts
     D:5: 1271 daAuts
     D:1: 1250 daAuts
     D:4: 1212 daAuts
    D:11: 1026 daAuts
     D:9: 984 daAuts
     D:3: 598 daAuts
     D:2: 354 daAuts
   IceCv: 351 daAuts
  Temple: 231 daAuts
  Lair:1: 134 daAuts
